 Dungeon Crawl Stone Soup version 0.23.2-40-g277498a001 (webtiles) character file.

Game seed: 5522633281591007438

48 DildoBatman the Magician (level 4, 0/30 HPs)
             Began as a Formicid Wizard on Sept 13, 2019.
             Slain by a frilled lizard (1 damage)
             ... on level 2 of the Dungeon.
             The game lasted 00:03:40 (1472 turns).

DildoBatman the Magician (Formicid Wizard)          Turns: 1472, Time: 00:03:41

Health: 0/30       AC:  2    Str: 12    XL:     4   Next: 0%
Magic:  8/8        EV: 12    Int: 18    God:
Gold:   28         SH:  5    Dex:  9    Spells: 2/9 levels left

rFire    . . .     SeeInvis +   g - -1 spear (curse)
rCold    . . .     Gourm    .   (no shield)
rNeg     . . .     Faith    .   a - +0 robe
rPois    .         Spirit   .   (helmet unavailable)
rElec    .         Reflect  +   (no cloak)
rCorr    .         Harm     .   (no gloves)
MR       .....                  (no boots)
Stlth    ++........             o - +5 amulet of reflection
HPRegen  0.10/turn              (no ring)
MPRegen  0.11/turn              (no ring)

@: no status effects
A: permanent stasis, dig shafts and tunnels, four strong arms, antennae 3
a: Dig, Shaft Self


You were on level 2 of the Dungeon.
You were not hungry.

You visited 1 branch of the dungeon, and saw 2 of its levels.

You collected 28 gold pieces.

Inventory:

Hand Weapons
 f - a +0 club
 g - a cursed -1 spear (weapon)
 h - a +0 vampiric falchion
Missiles
 e - 40 poisoned needles
 i - 6 stones (quivered)
 m - 24 arrows
Armour
 a - a +0 robe (worn)
Jewellery
 o - a +5 amulet of reflection (around neck)
Scrolls
 b - a scroll of enchant armour {unknown}
 j - a scroll of enchant weapon {unknown}
 k - a scroll of noise {unknown}
 l - 3 scrolls of identify {unknown}
 p - a scroll of teleportation {unknown}
Potions
 c - 2 potions of brilliance {unknown}
 n - a potion of degeneration {unknown}
Comestibles
 d - 5 chunks of flesh
 v - 5 rations


   Skills:
 - Level 1.7 Dodging
 - Level 2.4 Stealth
 - Level 3.2 Spellcasting
 * Level 3.1 Conjurations
   Level 1.0 Summonings
   Level 0.8 Translocations


You had 2 spell levels left.
You knew the following spells:

 Your Spells              Type           Power        Failure   Level  Hunger
a - Conjure Flame         Conj/Fire      #.......     26%         3    ###....
c - Magic Dart            Conj           ##..         4%          1    None
e - Mephitic Cloud        Conj/Pois/Air  #.......     30%         3    ###....

Your spell library contained the following spells:

 Spells                   Type           Power        Failure   Level  Hunger
 Call Imp                 Summ           #.......     16%         2    ##.....
 Slow                     Hex            #.......     24%         2    ##.....
 Blink                    Tloc           Unusable     N/A         2    N/A

Dungeon Overview and Level Annotations

Branches:
Dungeon (2/15)

Altars:
Okawaru


Innate Abilities, Weirdness & Mutations

You cannot be hasted, slowed, berserked, paralysed or teleported.
You can dig through walls and to a lower floor.
Your four strong arms can wield two-handed weapons with a shield.
You have a pair of large antennae on your head. (SInv)


Message History

What are your orders? t - Shout!
Orders for allies: a - Attack new target. r - Retreat! s - Stop attacking. g - Guard the area. f - Follow me.
Anything else - Cancel.
You shout for attention!
The frilled lizard barely misses you. x2
The kobold hits you. The goblin hits you with a +0 dagger.
What are your orders? t - Shout!
Orders for allies: a - Attack new target. r - Retreat! s - Stop attacking. g - Guard the area. f - Follow me.
Anything else - Cancel.
You shout for attention!
The frilled lizard unfolds its giant frill.
The frilled lizard bites you.
You die...

##### ##...##
##.....## #.......#
#....<..# #...÷...#
##.....############.
#......÷..÷.K......
#.......####@g.####
#.......# #ll.#
#.......# ##.?.#
##.....## ##w.#
##....> ...# #####.
.... # ).# #..


You could see a worm, a goblin, a kobold and 2 frilled lizards.

Vanquished Creatures
  A dart slug (D:1)
  4 leopard geckos
  8 bats (D:1)
  4 giant cockroaches (D:1)
  8 hobgoblins
  3 jackals (D:1)
  A frilled lizard (D:2)
  2 goblins (D:1)
  4 kobolds (D:1)
  2 rats (D:1)
37 creatures vanquished.

Notes
Turn   | Place    | Note
-------+----------+-------------------------------------------
     0 | D:1      | DildoBatman the Formicid Wizard began the quest for the
                  | Orb.
     0 | D:1      | Reached XP level 1. HP: 13/13 MP: 4/4
    36 | D:1      | Reached skill level 1 in Conjurations
   186 | D:1      | Reached XP level 2. HP: 15/19 MP: 0/6
   391 | D:1      | Found an iron altar of Okawaru.
   565 | D:1      | Reached XP level 3. HP: 21/24 MP: 4/7
   576 | D:1      | Learned a level 3 spell: Conjure Flame
   580 | D:1      | Learned a level 3 spell: Mephitic Cloud
  1435 | D:2      | Reached XP level 4. HP: 30/30 MP: 4/8
  1471 | D:2      | HP: 1/30 [goblin/+0 dagger (1)]
  1472 | D:2      | Slain by a frilled lizard

Skill      XL: |  1  2  3 |
---------------+----------+-----
Conjurations   | 1 2 3 |  3.1
Dodging        | |  1.7
Stealth        | |  2.4
Spellcasting   | |  3.2
Summonings     | |  1.0
Translocations | |  0.8

Action                   |  1- 3 |  4- 6 || total
-------------------------+-------+-------++-------
Melee: Unarmed           |     9 |       ||     9
       Spear             |    19 |       ||    19
 Cast: Magic Dart        |    82 |     1 ||    83
 Abil: Dig               |     1 |       ||     1
 Stab: Sleeping          |     1 |       ||     1
  Eat: Chunk             |     2 |       ||     2
Armor: Robe              |     6 |     2 ||     8
Dodge: Dodged            |    30 |    26 ||    56
Block: Other             |     8 |    14 ||    22
       Reflection        |     1 |       ||     1
